 Dungeon Crawl Stone Soup version 0.30-a0-634-g8abc85282e (webtiles) character file.

Game seed: 14526134212271566540

5601 funkygono the Thaumaturge (level 10, -5/67 HPs)
             Began as a Demonspawn Fire Elementalist on Jan 14, 2023.
             Was a Priest of Vehumet.
             Slain by a vampire (12 damage)
             ... on level 9 of the Dungeon.
             The game lasted 00:18:43 (11360 turns).

funkygono the Thaumaturge (DsFE)                   Turns: 11360, Time: 00:18:44

Health: -5/67      AC:  7    Str: 16    XL:     10   Next: 45%
Magic:  17/23      EV: 12    Int: 20    God:    Vehumet [***...]
Gold:   577        SH:  0    Dex: 13    Spells: 7/27 levels left

rFire   + + .      SeeInvis .    y - +3 flail (protect)
rCold   . . .      Faith    .    (no shield)
rNeg    . . .      Spirit   .    p - +3 leather armour {rF+}
rPois   .          Reflect  .    (no helmet)
rElec   .          Harm     .    g - scarf {+Inv}
rCorr   .          Rampage  .    (no gloves)
Will    .....                    (no boots)
Stlth   ++                       B - amulet of regeneration
HPRegen 1.11/turn                k - ring of protection from fire
MPRegen 0.18/turn                C - +6 ring of strength

@: no status effects
A: claws 1, rugged brown scales 1, powered by death 1, demonic magic 2
a: Renounce Religion, Evoke Invisibility


You were on level 9 of the Dungeon.
You worshipped Vehumet.
Vehumet was most pleased with you.
You visited 2 branches of the dungeon, and saw 10 of its levels.
You also visited: Sewer.

You collected 577 gold pieces.

Inventory:

Hand Weapons
 i - a +0 spectral whip
 l - a +3 whip of venom
 q - a +3 quarterstaff of chaos
 y - a +3 flail of protection (weapon)
Armour
 a - a +0 robe
 f - an orb of energy
 g - a scarf of invisibility (worn)
 p - a +3 leather armour of fire resistance (worn)
 r - a +0 cloak
 u - a +0 leather armour of cold resistance
 x - a scarf of invisibility
Magical Staves
 c - a staff of cold
Jewellery
 k - a ring of protection from fire (left claw)
 B - an amulet of regeneration (around neck)
 C - a +6 ring of strength (right claw)
Wands
 j - a wand of roots (5)
 n - a wand of mindburst (17)
Scrolls
 e - a scroll of fog
 o - 2 scrolls of poison
 v - 2 scrolls of teleportation
 A - 2 scrolls of noise {unknown}
Potions
 b - a potion of magic
 d - 2 potions of brilliance
 h - 6 potions of flight
 m - 2 potions of invisibility
 s - a potion of cancellation
 t - 2 potions of curing
 w - 4 potions of haste
 z - 3 potions of lignification {unknown}
 F - a potion of berserk rage {unknown}


   Skills:
 + Level 1.5 Fighting
 + Level 2.6 Maces & Flails
 + Level 2.8 Armour
 + Level 2.3 Dodging
 - Level 1.7 Stealth
 + Level 9.2 Spellcasting
 + Level 5.0 Conjurations
 + Level 8.3 Fire Magic
 * Level 4.9 Poison Magic


You had 7 spell levels left.
You knew the following spells:

 Your Spells              Type           Power      Damage    Failure   Level
a - Foxfire               Conj/Fire      100%       2x1d9     1%          1
b - Scorch                Fire           84%        2d9       1%          2
c - Kindle Blastsparks    Fire/Tloc/Air  40%        2d13      2%          3
d - Flame Wave            Conj/Fire      35%        2d10      1%          4
e - Fireball              Conj/Fire      17%        3d9       4%          5
f - Olgreb's Toxic Radia  Pois           28%        N/A       3%          4
g - Shock                 Conj/Air       76%        1d7       1%          1

Your spell library contained the following spells:

 Spells                   Type           Power      Damage    Failure   Level
 Frozen Ramparts          Ice            18%        1d3       7%          3
 Poisonous Vapours        Pois/Air       38%        N/A       1%          2
 Inner Flame              Hex/Fire       25%        N/A       1%          3
 Sting                    Tmut/Pois      76%        1d6       3%          1
 Summon Small Mammal      Summ           36%        N/A       9%          1
 Starburst                Conj/Fire      17%        6d6       22%         6
 Call Canine Familiar     Summ           9%         N/A       26%         3
 Ozocubu's Armour         Ice            9%         N/A       26%         3
 Summon Guardian Golem    Hex/Summ       9%         N/A       26%         3
 Lee's Rapid Deconstruct  Erth           4%         3d5*      50%         5
 Leda's Liquefaction      Hex/Erth       4%         N/A       65%         4
 Summon Lightning Spire   Summ/Air       9%         N/A       65%         4
 Metabolic Englaciation   Hex/Ice        4%         N/A       94%         5
 Simulacrum               Ice/Necr       4%         N/A       100%        6
 Statue Form              Tmut/Erth      6%         N/A       100%        6
 Storm Form               Tmut/Air       4%         N/A       100%        7
 Maxwell's Capacitive Co  Air            4%         ∞         100%        8


Dungeon Overview and Level Annotations

Branches:
Dungeon (9/15)             Temple (1/1) D:5           Sewer (visited)
   Lair: D:8-11         Orc: D:9-12

Altars:
Ashenzari
Cheibriados
Dithmenos
Fedhas
Gozag
Hepliaklqana
Kikubaaqudgha
Makhleb
Nemelex Xobeh
Okawaru
Qazlal
Ru
Sif Muna
Trog
Uskayaw
Vehumet
Wu Jian
Xom
Yredelemnul

Shops:
D:1 ![   D:5 [

Annotations:
D:3 3 runed translucent doors, Leeroy's ghost, amateur DrTm


Innate Abilities, Weirdness & Mutations

You have sharp fingernails.
You are partially covered in rugged brown scales. (AC +1, +3% HP)
You regenerate a little health from kills.
Spells you cast may paralyse nearby enemies.


Message History

(Press . to intensify the flame waves.) Malevolent energies surge around you.
Something hits you but does no damage. Something bites you but does no damage.
Unknown command.
A wave of flame ripples out!
The flame wave engulfs something!
Something hits you but does no damage. Something bites you.
Something draws strength from your injuries!
A wave of flame ripples out!
The flame wave engulfs something!
You finish channelling waves of flame.
Something hits you!
* * * LOW HITPOINT WARNING * * *
Something bites you.
* * * LOW HITPOINT WARNING * * *
Something draws strength from your injuries!
You feel much better. Something hits you.
Something bites you but does no damage. Magic courses through your body.
Something hits you. Something bites you but does no damage.
Casting: Flame Wave (dangerous; 1% risk of failure)
Confirm with . or Enter, or press ? or * to list all spells.
Casting: Flame Wave (dangerous; 1% risk of failure)
Press: ? - help, Dir - look around, f - activate A wave of flame ripples out!
The flame wave engulfs something. (Press . to intensify the flame waves.) Malevolent energies surge around you.
Something hits you but does no damage. Something bites you.
Something draws strength from your injuries!
Unknown command.
A wave of flame ripples out!
The flame wave engulfs something.
Something draws life force from you!
* * * LOW HITPOINT WARNING * * *
A wave of flame ripples out!
The flame wave engulfs something.
You finish channelling waves of flame.
Something hits you!
* * * LOW HITPOINT WARNING * * *
Something barely misses you.
Your magical contamination has completely faded away.
Unknown command.
You feel better. Something hits you.
* * * LOW HITPOINT WARNING * * *
Something bites you!
You die...

#........# ##########.
#.....########### #######.
#..#..#......... #.......
#..#..#........ #.......
#..#..#....... #.......
#..#..# ..... #.......
#.....# ... #.......
#.....####{#####+#########'
#.........@.......)........
#.........##.....)).<....##
#.#####...........)......##
#....)...................##
#..........................
###########################


There were no monsters in sight!

Vanquished Creatures
  Maurice (D:8)
  A hornet (D:9)
  A troll (D:8)
  Prince Ribbit (D:9)
  A wyvern (D:9)
  2 steam dragons (D:7)
  Grum (D:8)
  Menkaure (D:4)
  2 water moccasins (D:8)
  2 orc warriors
  A sky beast (D:6)
  2 ice beasts (D:6)
  4 centaurs
  3 wolves (D:8)
  2 phantoms
  4 kobold brigands
  Blork the orc (D:4)
  4 bullfrogs
  2 gnoll sergeants (D:7)
  3 scorpions
  9 wights (D:8)
  3 killer bees (D:9)
  2 howler monkeys
  A gnoll bouda (D:5)
  A jelly (D:7)
  3 hounds
  7 orc priests
  Crazy Yiuf (D:3)
  3 iguanas
  8 orc wizards
  8 adders
  10 gnolls
  2 river rats (Sewer)
  2 shadow imps
  3 white imps
  2 dart slugs (D:1)
  38 orcs
  6 ball pythons
  8 endoplasms
  2 giant cockroaches
  7 goblins
  7 hobgoblins
  8 jackals
  17 kobolds
  3 quokkas
  4 bats
  A frilled lizard (D:2)
  9 rats
214 creatures vanquished.

Vanquished Creatures (others)
  678 foxfires
  10 plants
688 creatures vanquished.

Grand Total: 902 creatures vanquished

Notes
Turn   | Place    | Note
-------+----------+-------------------------------------------
     0 | D:1      | funkygono the Demonspawn Fire Elementalist began the quest
                  | for the Orb.
     0 | D:1      | Reached XP level 1. HP: 13/13 MP: 3/3
   232 | D:1      | Gained mutation: Spells you cast may paralyse adjacent
                  | enemies. [demonic ancestry]
   232 | D:1      | Reached XP level 2. HP: 13/19 MP: 0/5
   235 | D:1      | Learned a level 2 spell: Scorch
   470 | D:1      | Found Sobbym's Distillery.
   471 | D:1      | Found Nilo's Antique Armour Boutique.
   860 | D:1      | Reached XP level 3. HP: 24/24 MP: 2/6
   864 | D:1      | Learned a level 3 spell: Kindle Blastsparks
  1695 | D:2      | Reached skill level 3 in Spellcasting
  1857 | D:2      | Reached XP level 4. HP: 30/30 MP: 4/8
  2431 | D:3      | Found a broken altar of Ashenzari.
  2837 | D:3      | Found a runed translucent gate.
  2837 | D:3      | Found a runed translucent gate.
  2837 | D:3      | Found a runed translucent gate.
  2942 | D:3      | Found a faded altar of an unknown god.
  3161 | D:3      | Reached XP level 5. HP: 35/35 MP: 6/10
  3301 | D:3      | Found a runed translucent door.
  3302 | D:3      | Noticed Crazy Yiuf
  3482 | D:3      | Noticed Leeroy's ghost (amateur DrTm)
  3603 | D:3      | Killed Crazy Yiuf
  3604 | D:3      | Reached skill level 4 in Spellcasting
  3760 | D:4      | Learned a level 4 spell: Flame Wave
  3784 | D:4      | Noticed Blork the orc
  3790 | D:4      | Killed Blork the orc
  3791 | D:4      | Gained mutation: Spells you cast may paralyse nearby
                  | enemies. [demonic ancestry]
  3791 | D:4      | Reached XP level 6. HP: 41/41 MP: 3/12
  4477 | D:4      | Noticed Menkaure
  4485 | D:4      | Killed Menkaure
  4486 | D:4      | Reached skill level 5 in Spellcasting
  4486 | D:4      | Gained mutation: You regenerate a little health from kills.
                  | [demonic ancestry]
  4486 | D:4      | Reached XP level 7. HP: 27/46 MP: 5/14
  4789 | D:4      | Reached skill level 5 in Fire Magic
  5045 | D:5      | Entered Level 5 of the Dungeon
  5246 | D:5      | Found a staircase to the Ecumenical Temple.
  5274 | Temple   | Entered the Ecumenical Temple
  5813 | D:5      | Found Liacupubb's Antique Armour Boutique.
  5868 | D:5      | Found a radiant altar of Vehumet.
  5871 | D:5      | Found a shimmering altar of Xom.
  5876 | D:5      | Became a worshipper of Vehumet
  5921 | D:5      | Reached skill level 1 in Armour
  6219 | D:5      | Found a burning altar of Makhleb.
  6221 | D:5      | Found a shadowy altar of Dithmenos.
  6223 | D:5      | Found a stormy altar of Qazlal.
  6423 | D:6      | Reached skill level 6 in Spellcasting
  6433 | D:6      | Gained mutation: You are partially covered in rugged brown
                  | scales. (AC +1, +3% HP) [demonic ancestry]
  6433 | D:6      | Reached XP level 8. HP: 17/54 MP: 2/17
  6538 | D:6      | Found a glowing drain.
  6623 | Sewer    | Entered a sewer
  7436 | D:6      | Learned a level 5 spell: Fireball
  7441 | D:6      | Learned a level 4 spell: Olgreb's Toxic Radiance
  7480 | D:6      | Reached skill level 1 in Maces & Flails
  7480 | D:6      | Reached skill level 7 in Spellcasting
  7723 | D:7      | Reached skill level 1 in Fighting
  7872 | D:7      | Reached skill level 1 in Poison Magic
  7872 | D:7      | Gained mutation: You have sharp fingernails. [demonic
                  | ancestry]
  7872 | D:7      | Reached XP level 9. HP: 57/60 MP: 10/19
  7958 | D:7      | Reached * piety under Vehumet
  7958 | D:7      | Offered knowledge of Shock by Vehumet.
  9015 | D:7      | Learned a level 1 spell: Shock
  9052 | D:8      | Offered knowledge of Searing Ray by Vehumet.
  9057 | D:8      | Reached skill level 8 in Spellcasting
  9060 | D:8      | Reached ** piety under Vehumet
  9706 | D:8      | Noticed a troll
  9710 | D:8      | Killed a troll
  9793 | D:8      | Reached XP level 10. HP: 67/67 MP: 18/22
  9922 | D:8      | Noticed Maurice
  9930 | D:8      | Killed Maurice
 10121 | D:8      | Noticed Grum
 10125 | D:8      | Killed Grum
 10165 | D:8      | Offered knowledge of Frozen Ramparts by Vehumet.
 10650 | D:9      | Reached skill level 9 in Spellcasting
 11025 | D:9      | Noticed Prince Ribbit
 11031 | D:9      | Killed Prince Ribbit
 11032 | D:9      | Reached skill level 5 in Conjurations
 11193 | D:9      | Reached *** piety under Vehumet
 11360 | D:9      | Slain by a vampire

Illustrated notes

Levels and vault maps discovered:
D:1:      matt_arrival_spirals, layout_loops_ring, serial_shops,
          nicolae_shop_crystal, shop
D:2:      layout_basic
D:3:      layout_basic, mainiacjoe_overflow_boulevard, gammafunk_ghost_icy,
          hellmonk_ecumenical_altar_lost_god, chequers_serial_rivers_large_b,
          uniq_crazy_yiuf_cottage
D:4:      layout_basic, chequers_serial_rivers_marsh, kennysheep_small_circle,
          uniq_blork_the_orc, uniq_menkaure
D:5:      layout_basic, grunt_temple_overflow_open,
          gammafunk_temple_overflow_forgotten, minmay_temple_entry_grid,
          serial_shops, shop
D:6:      layout_gridville, portal_sewer_entry_a, grunt_ministairs_12
D:7:      layout_loops_ring
D:8:      layout_basic, uniq_grum, uniq_maurice
D:9:      layout_stronghold, uniq_prince_ribbit1
Temple:   regret_index_temple_generic_petals

Skill      XL: |  1  2  3  4  5  6  7  8  9 10 |
---------------+-------------------------------+-----
Fire Magic     | 3 4 5 6 7 8 |  8.3
Dodging        | 2 |  2.3
Spellcasting   | 3 4 5 6 7 8 9 |  9.2
Conjurations   | 2 3 4 5 |  5.0
Armour         | 1 2 |  2.8
Maces & Flails | 1 2 |  2.6
Fighting       | 1 |  1.5
Poison Magic   | 1 3 4 |  4.9
Stealth        | |  1.7

Action                   |  1- 3 |  4- 6 |  7- 9 | 10-12 || total
-------------------------+-------+-------+-------+-------++-------
Melee: Club              |     7 |       |       |       ||     7
       Staff             |     1 |       |       |       ||     1
       Whip              |     9 |     7 |    30 |       ||    46
       Flail             |       |       |    19 |    15 ||    34
       Punch             |       |       |     1 |       ||     1
 Cast: Foxfire           |    55 |    78 |   209 |    51 ||   393
       Scorch            |     9 |    26 |    57 |    17 ||   109
       Flame Wave        |       |       |     1 |     3 ||     4
       Olgreb's Toxic Ra |       |       |       |     7 ||     7
  Use: Scroll            |       |       |    18 |     2 ||    20
       Potion            |       |       |       |     3 ||     3
 Stab: Paralysed         |     3 |     1 |    29 |     7 ||    40
Armor: Robe              |     5 |     1 |       |       ||     6
       Leather armour    |       |     1 |    19 |    13 ||    33
Dodge: Dodged            |    26 |     5 |    33 |    18 ||    82

Table legend: (Time is in decaauts)
 A = Elapsed time spent in this place.
 B = Non-inter-level travel time spent in this place.
 C = Inter-level travel time spent in this place.
 D = Time resting spent in this place.
 E = Time spent auto-exploring this place.
 F = Levels seen in this place.
 G = Mean time per level.
                   A        B        C        D        E       F      G
               +--------+--------+--------+--------+--------+-----+--------+
         Total |  11424 |  11171 |    253 |    480 |   9205 |  11 | 1038.5 |
       Dungeon |  10855 |  10625 |    230 |    480 |   8726 |   9 | 1206.1 |
        Temple |    241 |    219 |     22 |      0 |    216 |   1 |  241.0 |
         Sewer |    327 |    327 |      0 |      0 |    263 |   1 |  327.0 |
               +--------+--------+--------+--------+--------+-----+--------+

Top non-repeatable levels by time:
     D:3: 1467 daAuts
     D:8: 1420 daAuts
     D:7: 1328 daAuts
     D:1: 1315 daAuts
     D:4: 1297 daAuts
     D:5: 1132 daAuts
     D:6: 996 daAuts
     D:2: 993 daAuts
     D:9: 902 daAuts
   Sewer: 327 daAuts
  Temple: 241 daAuts
